 Dungeon Crawl Stone Soup version 0.27.1-33-g824d729ab1 (webtiles) character file.

Game seed: 5791488378674330488

39 zeram the Shield-Bearer (level 3, -1/29 HPs)
             Began as a Merfolk Fighter on Dec 13, 2021.
             Slain by a kobold (2 damage)
             ... on level 2 of the Dungeon.
             The game lasted 00:01:01 (1199 turns).

zeram the Shield-Bearer (Merfolk Fighter)           Turns: 1199, Time: 00:01:01

Health: -1/29      AC:  6    Str: 16    XL:     3   Next: 47%
Magic:  3/3        EV:  7    Int:  8    God:
Gold:   54         SH:  9    Dex: 13    Spells: 2/2 levels left

rFire    . . .     SeeInvis .   a - +0 trident
rCold    . . .     Faith    .   c - +0 kite shield
rNeg     . . .     Spirit   .   b - +0 scale mail
rPois    .         Reflect  .   (no helmet)
rElec    .         Harm     .   (no cloak)
rCorr    .         Rampage  .   (no gloves)
Will     .....                  (no boots)
Stlth    ..........             (no amulet)
HPRegen  0.09/turn              (no ring)
MPRegen  0.08/turn              (no ring)

@: mighty, slowed, very slow
A: (nimble swimmer 2), mertail
a: no special abilities


You were on level 2 of the Dungeon.
You visited 1 branch of the dungeon, and saw 2 of its levels.

You collected 54 gold pieces.

Inventory:

Hand Weapons
 a - a +0 trident (weapon)
Armour
 b - a +0 scale mail (worn)
 c - a +0 kite shield (worn)
Scrolls
 e - a scroll of immolation {unknown}
 f - a scroll of identify {unknown}
 h - a scroll of enchant armour {unknown}
Potions
 g - a potion of flight {unknown}


   Skills:
 - Level 3.2 Fighting
 - Level 3.0 Polearms
 - Level 2.1 Armour
 + Level 4.4 Shields


You had 2 spell levels left.
You didn't know any spells.
Your spell library contained the following spells:

 Spells                   Type           Power      Damage    Failure   Level
 Blink                    Tloc           N/A        N/A       100%        2
 Lesser Beckoning         Tloc           0%         N/A       100%        3
 Manifold Assault         Tloc           0%         N/A       100%        5


Dungeon Overview and Level Annotations

Branches:
Dungeon (2/15)

Altars:

Annotations:
D:2 Natasha


Innate Abilities, Weirdness & Mutations

((You are quick and stealthy near water. (Stealth+, EV+, Speed+++)))
Your lower body shifts to a powerful aquatic tail in water.


Message History

Natasha drinks a potion.
Natasha suddenly seems more resistant.
Natasha is nearby!
Natasha is nearby!
Natasha is nearby!
A kobold comes into view. It is wielding a +0 dagger.
The kobold shouts!
Natasha howls an incantation.
Natasha shimmers violently.
You closely miss Natasha. Natasha claws you. You block the kobold's attack.
You block Natasha's attack.
You barely miss Natasha. You block the kobold's attack.
Natasha barely misses you. You block the kobold's attack.
You hit Natasha.
Natasha is lightly wounded.
You block Natasha's attack. You block the kobold's attack.
Natasha stares at you and mumbles some strange words.
You feel yourself slow down.
You closely miss Natasha.
Natasha is lightly wounded.
The kobold barely misses you. Natasha claws you! The kobold closely misses you.
Natasha claws you but does no damage.
You barely miss Natasha.
Natasha is lightly wounded.
You block the kobold's attack. Natasha claws you!
The kobold hits you but does no damage. Natasha closely misses you.
You feel very mighty all of a sudden. The kobold hits you but does no damage.
Natasha claws you.
* * * LOW HITPOINT WARNING * * *
You block the kobold's attack.
You puncture Natasha!
Natasha is severely wounded.
Natasha extends her claws.
Natasha claws you.
* * * LOW HITPOINT WARNING * * *
The kobold barely misses you.
Natasha stares at you and mumbles some strange words.
The magic dart hits you.
* * * LOW HITPOINT WARNING * * *
The kobold hits you with a +0 dagger.
You die...

#.....# #.....#
#.....# #.....#
##.....# #..(...+
#..h...# #.@K...#
#.###### #.# #.#
..#.######.# #..
#.#.#......# ..#.#
.#.#.#.######.#
#.#.##.#.#..........#
#.#... #.###.########


You could see Natasha (resistant) and a kobold.

Vanquished Creatures
  A gnoll (D:1)
  An adder (D:2)
  2 endoplasms
  3 giant cockroaches (D:1)
  2 goblins (D:1)
  A hobgoblin (D:1)
  2 quokkas (D:1)
  2 ball pythons
  3 bats (D:1)
  3 rats (D:1)
20 creatures vanquished.

Notes
Turn   | Place    | Note
-------+----------+-------------------------------------------
     0 | D:1      | zeram the Merfolk Fighter began the quest for the Orb.
     0 | D:1      | Reached XP level 1. HP: 18/18 MP: 1/1
   391 | D:1      | Reached XP level 2. HP: 24/24 MP: 2/2
   509 | D:1      | Reached skill level 4 in Shields
   509 | D:1      | Reached XP level 3. HP: 24/29 MP: 3/3
   782 | D:1      | Found a faded altar of an unknown god.
  1190 | D:2      | Noticed Natasha
  1199 | D:2      | HP: 1/29 [Natasha/magic dart (1)]
  1199 | D:2      | Slain by a kobold

Illustrated notes

Levels and vault maps discovered:
D:1:      evilmike_arrival_home_sweet_home, layout_basic,
          dreamdust_ecumenical_altar_angels_and_demons
D:2:      layout_basic, uniq_natasha, uniq_jessica

Skill      XL: |  1  2 |
---------------+-------+-----
Shields        | 4 |  4.4
Fighting       | |  3.2
Polearms       | |  3.0
Armour         | |  2.1

Action                   || total
-------------------------++-------
Melee: Trident           ||    83
  Use: Potion            ||     1
Armor: Scale mail        ||    29
Dodge: Dodged            ||    19
Block: Kite shield       ||    36
